 Dungeon Crawl Stone Soup version 0.30-a0-711-gf4ac18a38d (webtiles) character file.

Game seed: 74797506846527102

3 kae the Insei (level 1, 0/15 HPs)
             Began as a Demonspawn Transmuter on Jan 22, 2023.
             Frozen to death by an endoplasm (4 damage)
             ... on level 1 of the Dungeon.
             The game lasted 00:00:07 (91 turns).

kae the Insei (Demonspawn Transmuter)                 Turns: 91, Time: 00:00:08

Health: 0/15       AC:  2    Str: 10    XL:     1   Next: 41%
Magic:  2/3        EV: 12    Int: 14    God:
Gold:   5          SH:  0    Dex: 13    Spells: 3/4 levels left

rFire   . . .      SeeInvis .      - Unarmed
rCold   . . .      Faith    .    (no shield)
rNeg    . . .      Spirit   .    a - +0 robe
rPois   .          Reflect  .    (no helmet)
rElec   .          Harm     .    (no cloak)
rCorr   .          Rampage  .    (no gloves)
Will    .....                    (no boots)
Stlth   +                        (no amulet)
HPRegen 0.22/turn                (no ring)
MPRegen 0.08/turn                (no ring)

@: very slightly contaminated
A: no striking features
a: no special abilities


You were on level 1 of the Dungeon.
You visited 1 branch of the dungeon, and saw 1 of its levels.

You collected 5 gold pieces.


   Skills:
 - Level 1.0 Fighting
 - Level 1.7 Dodging
 + Level 2.7 Unarmed Combat
 + Level 2.0 Spellcasting
 * Level 1.9 Transmutations


You had 3 spell levels left.
You knew the following spells:

 Your Spells              Type           Power      Damage    Failure   Level
a - Beastly Appendage     Tmut           14%        N/A       11%         1

Your spell library contained the following spells:

 Spells                   Type           Power      Damage    Failure   Level
 Wereblood                Tmut           7%         N/A       16%         2
 Spider Form              Tmut/Pois      4%         N/A       43%         3
 Ice Form                 Ice/Tmut       4%         N/A       83%         4

Inventory:

Missiles
 d - 5 poisoned darts
Armour
 a - a +0 robe (worn)
Scrolls
 c - a scroll of torment {unknown}
Potions
 b - a potion of lignification {!q}

Dungeon Overview and Level Annotations

Branches:
Dungeon (1/15) Zot: 5908

Altars:

Shops:
D:1

? #.†####.# ##.....##
#.......# ##...##
.........##..#######..#
########.##..........#.#
.∩. +.###.######.###.#
## ### #.#####.## #.#
######.##...## #..
#......##.##.# ##.
#.#######@# #.# #.## #J#
#.# #..# #.# #.# ##'#
#.# .# #####.# #.# .
#<....# ... . #####>#
... ### #.#


You could see an endoplasm.


Message History

A bat comes into view.
The bat completely misses you.
A bat is nearby!
A bat is nearby!
A bat is nearby!
Casting: Beastly Appendage (safe; 12% risk of failure)
Confirm with . or Enter, or press ? or * to list all spells.
You grow a pair of large bovine horns.
Your feet morph into talons.
The bat barely misses you. The bat hits you but does no damage.
The bat hits you. 😕 HP[-1] MP[-1]
You take 1 damage, and now have 14/15 hp.
You lost 1 mp, and now have 2/3 mp.
You barely miss the bat.
Your transformation is almost over.
The bat hits you.
Found 5 gold pieces.
Found Xibbestu's Magic Scroll Boutique.
The bat hits you but does no damage. The bat misses you. 😕 HP[-1]
You take 1 damage, and now have 13/15 hp.
A bat is nearby!
You hit the bat.
You kill the bat!
No target in view!
Your horns disappear.
Your talons disappear.
You see here a bat corpse.
You now have 5 gold pieces.
c - a scroll labelled JIUKYF NEIR 😎 HP[+2] MP[+1]
Your hp is fully restored (15).
Your mp is fully restored (3).
No target in view!
No target in view!
A rat comes into view.
A rat is nearby!
A rat is nearby!
Casting: Beastly Appendage (safe; 11% risk of failure)
Confirm with . or Enter, or press ? or * to list all spells.
You miscast Beastly Appendage.
You are very lightly contaminated with residual magic.
Nothing appears to happen. 😎 MP[-1]
You lost 1 mp, and now have 2/3 mp.
A rat is nearby!
You hit the rat.
You kill the rat!
No target in view!
A goblin comes into view. It is wielding a +0 dagger.
The goblin shouts!
The goblin closely misses you.
You see here a rat corpse.
You hit the goblin.
You kill the goblin!
Your magical contamination has completely faded away.
d - 5 poisoned darts 😎 MP[+1]
Your mp is fully restored (3).
Unknown command.
An endoplasm comes into view.
An endoplasm is nearby!
An endoplasm is nearby!
The endoplasm quivers.
Casting: Beastly Appendage (safe; 11% risk of failure)
Confirm with . or Enter, or press ? or * to list all spells.
You miscast Beastly Appendage.
You are very lightly contaminated with residual magic.
Nothing appears to happen.
The endoplasm hits you. 😕 HP[-3] MP[-1]
You take 3 damage, and now have 12/15 hp.
You lost 1 mp, and now have 2/3 mp.
An endoplasm is nearby!
You barely miss the endoplasm. The endoplasm misses you.
You hit the endoplasm but do no damage. The endoplasm freezes you.
You are frozen. 😮 HP[-3]
You take 3 damage, and now have 9/15 hp.
An endoplasm is nearby!
You are too injured to fight recklessly!
You are too injured to fight recklessly!
An endoplasm is nearby!
You are too injured to fight recklessly!
You are too injured to fight recklessly!
Unknown command.
You barely miss the endoplasm. The endoplasm freezes you.
You are frozen.
* * * LOW HITPOINT WARNING * * *
😨 HP[-2]
You take 2 damage, and now have 7/15 hp.
You hit the endoplasm but do no damage. The endoplasm freezes you.
You are frozen.
* * * LOW HITPOINT WARNING * * *
😱 HP[-4]
You take 4 damage, and now have 3/15 hp.
MASSIVE DAMAGE!! (PAUSE)
You hit the endoplasm. The endoplasm freezes you.
You are frozen.
You die...

Action                     || total
---------------------------++-------
  Melee: Unarmed           ||     9
   Cast: Beastly Appendage ||     1
 Armour: Robe              ||     2
  Dodge: Dodged            ||     5

Levels and vault maps discovered:
D:1:      amcnicky_arrival_choice, layout_loops_ring, serial_shops,
          nicolae_shop_hallway_stairs

Notes
Turn   | Place    | Note
-------+----------+-------------------------------------------
     0 | D:1      | kae the Demonspawn Transmuter began the quest for the Orb.
     0 | D:1      | Reached XP level 1. HP: 15/15 MP: 3/3
     0 | D:1      | magus.rc [v1.11.3]
    29 | D:1      | Found Xibbestu's Magic Scroll Boutique.
    90 | D:1      | HP: 3/15 [frozen (4)]
    91 | D:1      | Frozen to death by an endoplasm

Vanquished Creatures
  A bat (D:1)
  A goblin (D:1)
  A rat (D:1)
3 creatures vanquished.

Table legend:
 A = Non-vault XP
 B = Vault XP
 C = Vault XP percentage of total XP
 D = Non-vault monster count
 E = Vault monster count
 F = Vault count percentage of total count
                 A         B        C        D         E       F
            +---------+---------+-------+---------+---------+-------
      Total |       5 |       0 |   0.0 |       3 |       0 |   0.0
            +---------+---------+-------+---------+---------+-------
        D:1 |       5 |       0 |   0.0 |       3 |       0 |   0.0
            +---------+---------+-------+---------+---------+-------

Illustrated notes

Table legend:
 A = Kills in this place as a percentage of kills in entire the game.
 B = Kills by you in this place as a percentage of kills by you in the entire game.
 C = Kills by friends in this place as a percentage of kills by friends in the entire game.
 D = Other kills in this place as a percentage of other kills in the entire game.
 E = Experience gained in this place as a percentage of experience gained in the entire game.
 F = Experience gained in this place divided by the number of levels of this place that you have seen.
                   A       B       C       D       E      F
               +-------+-------+-------+-------+-------+----------------------
         Total | 100.0 | 100.0 |   N/A |   N/A | 100.0 |   5.0
       Dungeon | 100.0 | 100.0 |   N/A |   N/A | 100.0 |   5.0
               +-------+-------+-------+-------+-------+----------------------

Table legend: (Time is in decaauts)
 A = Elapsed time spent in this place.
 B = Non-inter-level travel time spent in this place.
 C = Inter-level travel time spent in this place.
 D = Time resting spent in this place.
 E = Time spent auto-exploring this place.
 F = Levels seen in this place.
 G = Mean time per level.
                   A        B        C        D        E       F      G
               +--------+--------+--------+--------+--------+-----+--------+
         Total |     90 |     90 |      0 |      0 |     65 |   1 |   90.0 |
       Dungeon |     90 |     90 |      0 |      0 |     65 |   1 |   90.0 |
               +--------+--------+--------+--------+--------+-----+--------+

Top non-repeatable levels by time:
     D:1: 90 daAuts
